 Dungeon Crawl Stone Soup version 0.31.0-9-g3a7656b989 (webtiles) character file.

Game seed: 13611138808922428674

127 qw the Skirmisher (level 4, 0/25 HPs)
             Began as a Deep Elf Hunter on Feb 2, 2024.
             Succumbed to an orc wizard's poison
             ... on level 3 of the Dungeon.
             The game lasted 00:00:05 (1895 turns).

qw the Skirmisher (Deep Elf Hunter)                 Turns: 1895, Time: 00:00:06

Health: 0/25       AC:  7    Str: 10    XL:     4   Next: 85%
Magic:  6/6        EV:  9    Int: 14    God:
Gold:   106        SH:  0    Dex: 24    Spells: 3/3 levels left

rFire   . . .        a - +0 shortbow
rCold   . . .        (shield currently unavailable)
rNeg    . . .        l - +0 scale mail
rPois   .            (no helmet)
rElec   .            j - +0 cloak
rCorr   .            (no gloves)
SInv    .            (no boots)
Will    .....        f - amulet of the acrobat
Stlth   +            e - +6 ring of dexterity
HPRegen 0.24/turn    (no ring)
MPRegen 0.10/turn

%: acrobat
@: lethally poisoned (0 -> -6)
A: no striking features
a: no special abilities


You were on level 3 of the Dungeon.
You visited 1 branch of the dungeon, and saw 3 of its levels.

You collected 106 gold pieces.


   Skills:
 - Level 1.5 Fighting
 + Level 8.3 Ranged Weapons
 - Level 2.4 Dodging
 - Level 1.2 Stealth


You had 3 spell levels left.
You didn't know any spells.
Your spell library was empty.

Inventory:

Hand Weapons
 a - a +0 shortbow (weapon)
Armour
 j - a +0 cloak (worn)
 l - a +0 scale mail (worn)
Jewellery
 b - a ring of fire
 e - a +6 ring of dexterity (left hand)
 f - an amulet of the acrobat (around neck)
Potions
 d - a potion of heal wounds
 g - a potion of cancellation {unknown}
 i - a potion of attraction {unknown}
 k - a potion of degeneration {unknown}

Dungeon Overview and Level Annotations

Branches:
Dungeon (3/15)

Altars:
Makhleb
Uskayaw

Annotations:
D:2 1 runed translucent door, Crazy Yiuf


Message History

You feel drained.
You shoot an arrow. The arrow hits the orc!
You kill the orc!
Your life force feels restored.
1884 ||| FLEEEEING.
Something hits you.
You shoot an arrow.
You hear some strange, mumbled words.
A puff of flame appears from out of thin air!
The puff of flame misses you.
You shoot an arrow. Something hits you. Something hits you but does no damage.
You shoot an arrow.
You hear an angry hiss.
Something hits you but does no damage.
You shoot an arrow. Something hits you but does no damage.
You shoot an arrow.
You hear an angry hiss.
Something hits you but does no damage. Something hits you.
You shoot an arrow. Something hits you.
You shoot an arrow.
Reactivating autopickup.
You feel a bit more experienced.
Your Ranged Weapons skill increases to level 8!
You start resting.
Something barely misses you. Something hits you but does no damage.
You are poisoned.
Deactivating autopickup; reactivate with Ctrl-A.
Autopickup is now on.
You start resting.
You feel sick.
You hear some strange, mumbled words.
A magic dart appears from out of thin air!
Deactivating autopickup; reactivate with Ctrl-A.
The magic dart hits you!
You shoot an arrow.
You die...

## #. ##.#
.{o ##
#)##
#.###{#
#.#@##
#.## #.#
##.#
####..###
#
#.......##
####
#........+
+...
#.#...#.##
####
#.##..#.#
#..


There were no monsters in sight!

Vanquished Creatures
  Jessica (D:2)
  An orc wizard (D:3)
  2 adders (D:2)
  3 dart slugs (D:2)
  3 ribbon worms (D:2)
  An orc (D:3)
  3 ball pythons
  3 giant cockroaches
  4 hobgoblins
  2 jackals (D:2)
  4 quokkas
  3 bats (D:1)
  2 frilled lizards
  6 goblins
  4 kobolds (D:1)
  3 rats
45 creatures vanquished.

Notes
Turn   | Place    | Note
-------+----------+-------------------------------------------
     0 | D:1      | qw the Deep Elf Hunter began the quest for the Orb.
     0 | D:1      | Reached XP level 1. HP: 12/12 MP: 3/3
     0 | D:1      | 0 ||| qw: Version: 0.3-a-155-g5e7d8dd
     0 | D:1      | 0 ||| qw: Game counter: 507
     0 | D:1      | 0 ||| qw: Melee chars always use a shield: true
     0 | D:1      | 0 ||| qw: God list: Okawaru
     0 | D:1      | 0 ||| qw: Allow faded altars: false
     0 | D:1      | 0 ||| qw: Do Orc after clearing Dungeon:15 true
     0 | D:1      | 0 ||| qw: Do second Lair branch before Depths: true
     0 | D:1      | 0 ||| qw: Lair rune preference: random
     0 | D:1      | 0 ||| qw: Goals: Normal
     0 | D:1      | 0 ||| PLANNING D:1-11
   425 | D:1      | Reached XP level 2. HP: 16/16 MP: 4/4
   431 | D:1      | Reached skill level 6 in Ranged Weapons
   667 | D:1      | 667 ||| UPGRADING to amulet of the acrobat.
   672 | D:1      | 672 ||| READING scroll labelled NOSIUP KEIMI.
   673 | D:1      | 673 ||| READING 2 scrolls labelled RYGI BEEMO.
   674 | D:1      | 674 ||| READING scroll labelled BAOMPE QIJ YMI.
   675 | D:1      | 675 ||| READING scroll labelled JIMOEM MUETWEY.
   676 | D:1      | 676 ||| DRINKING 2 puce potions.
   677 | D:1      | 677 ||| DROPPING scroll of butterflies.
   678 | D:1      | 678 ||| DROPPING scroll of fear.
   680 | D:1      | 680 ||| Stepping ~*~*~tactically~*~*~ (cloud).
   681 | D:1      | 681 ||| DRINKING potion of curing.
   681 | D:1      | 681 ||| (to cure poison)
   690 | D:1      | 690 ||| Stepping ~*~*~tactically~*~*~ (cloud).
   696 | D:1      | HP: 4/16 [poisoned by you (poison gas)]
   842 | D:2      | Reached XP level 3. HP: 20/20 MP: 5/5
   897 | D:2      | Found a runed translucent door.
   898 | D:2      | Noticed Crazy Yiuf
   939 | D:2      | Found a hide-covered altar of Uskayaw.
   960 | D:2      | Reached skill level 7 in Ranged Weapons
   976 | D:2      | Noticed Jessica
   978 | D:2      | Killed Jessica
   979 | D:2      | Reached XP level 4. HP: 25/25 MP: 6/6
  1587 | D:2      | 1587 ||| UPGRADING to +0 cloak.
  1592 | D:2      | 1592 ||| UPGRADING to +0 scale mail.
  1602 | D:2      | 1602 ||| DROPPING +0 leather armour.
  1603 | D:2      | 1603 ||| UPGRADING to +6 ring of dexterity.
  1604 | D:2      | 1604 ||| READING scroll labelled GYERAP NUA.
  1604 | D:2      | 1604 ||| IDENTIFYING yellow potion
  1605 | D:2      | 1605 ||| DRINKING 2 purple potions.
  1606 | D:2      | 1606 ||| DROPPING potion of invisibility.
  1657 | D:3      | Found a burning altar of Makhleb.
  1884 | D:3      | 1884 ||| FLEEEEING.
  1892 | D:3      | Reached skill level 8 in Ranged Weapons
  1894 | D:3      | HP: 3/25 [something/magic dart (8)]
  1895 | D:3      | Succumbed to an orc wizard's poison

Levels and vault maps discovered:
D:1:      giann_horns, layout_loops_ring, minmay_stone_trees_small
D:2:      layout_loops_ring, basic_altar, uniq_jessica, uniq_crazy_yiuf_cottage
D:3:      layout_loops_corners, bloody_makhleb, minivault_25

Skill      XL: |  1  2  3  4 |
---------------+-------------+-----
Ranged Weapons | 6 7 8 |  8.3
Fighting       | |  1.5
Dodging        | |  2.4
Stealth        | |  1.2

Action                     |  1- 3 |  4- 6 || total
---------------------------+-------+-------++-------
   Fire: Shortbow          |    70 |    52 ||   122
    Use: Scroll            |     4 |     1 ||     5
         Potion            |     2 |     1 ||     3
 Armour: Leather armour    |    10 |     5 ||    15
         Scale mail        |       |    11 ||    11
  Dodge: Dodged            |    16 |    10 ||    26

Table legend:
 A = Non-vault XP
 B = Vault XP
 C = Vault XP percentage of total XP
 D = Non-vault monster count
 E = Vault monster count
 F = Vault count percentage of total count
                 A         B        C        D         E       F
            +---------+---------+-------+---------+---------+-------
      Total |     145 |      37 |  20.3 |      44 |       1 |   2.2
            +---------+---------+-------+---------+---------+-------
        D:1 |      24 |       0 |   0.0 |      16 |       0 |   0.0
        D:2 |      76 |      37 |  32.7 |      23 |       1 |   4.2
        D:3 |      45 |       0 |   0.0 |       5 |       0 |   0.0
            +---------+---------+-------+---------+---------+-------
